 Dungeon Crawl Stone Soup version 0.31.0-32-g396128a36d (webtiles) character file.

Game seed: 883881519340641582

2521 Logoto the Basher (level 9, 0/121 HPs)
             Began as a Hill Orc Berserker on Mar 26, 2024.
             Was an Elder of Trog.
             Succumbed to a gnoll's poison
             ... on level 7 of the Dungeon.
             The game lasted 00:15:02 (6386 turns).

Logoto the Basher (Hill Orc Berserker)              Turns: 6386, Time: 00:15:03

Health: 0/121      AC: 24    Str: 24    XL:     9   Next: 54%
Magic:  9/9        EV:  2    Int:  7    God:    Trog [****..]
Gold:   329        SH:  4    Dex: 10    Spells: 8/8 levels left

rFire   . . .        i - +4 whip (elec)
rCold   . . .        g - +0 buckler
rNeg    . . .        b - melded +0 chain mail
rPois   +            (helmet currently unavailable)
rElec   .            (cloak currently unavailable)
rCorr   .            (gloves currently unavailable)
SInv    +            k - melded +0 pair of boots
Will    +....        (no amulet)
Stlth   ++           v - ring of see invisible
HPRegen 0.40/turn    (no ring)
MPRegen 0.11/turn

%: no passive effects
@: lethally poisoned (0 -> -2), tree-form, enlightened
A: stationary, stasis, torment immunity, boosted hp
a: Renounce Religion, Berserk, Trog's Hand, Brothers in Arms


You were on level 7 of the Dungeon.
You worshipped Trog.
Trog was greatly pleased with you.
You were a tree.
You visited 1 branch of the dungeon, and saw 7 of its levels.
You also visited: Ossuary.

You collected 329 gold pieces.

Inventory:

Hand Weapons
 i - a +4 whip of electrocution (weapon)
 J - a +0 war axe
Missiles
 I - 5 poisoned darts (quivered)
Armour
 b - a +0 chain mail (melded)
 g - a +0 buckler (worn)
 k - a +0 pair of boots (melded)
Jewellery
 v - a ring of see invisible (left branch)
 E - a ring of fire
Wands
 H - a wand of digging (4)
Scrolls
 e - 2 scrolls of revelation {unknown}
 h - 7 scrolls of identify {unknown}
 j - 5 scrolls of teleportation {unknown}
 l - a scroll of noise {unknown}
 m - 3 scrolls of fog {unknown}
 p - 3 scrolls of amnesia {unknown}
 r - 2 scrolls of enchant weapon {unknown}
 s - a scroll of silence {unknown}
 y - a scroll of acquirement {unknown}
 D - 4 scrolls of blinking {unknown}
 G - a scroll of torment {unknown}
Potions
 c - 2 potions of heal wounds {unknown}
 d - 5 potions of curing
 f - a potion of degeneration {unknown}
 n - 2 potions of lignification
 o - 4 potions of enlightenment
 q - a potion of mutation {unknown}
 t - 2 potions of cancellation {unknown}
 u - a potion of berserk rage {unknown}
 w - a potion of ambrosia {unknown}
 x - 2 potions of resistance {unknown}
 z - 2 potions of magic {unknown}
 A - a potion of invisibility {unknown}
 B - a potion of brilliance {unknown}
 C - a potion of attraction {unknown}
 F - a potion of might {unknown}


   Skills:
 + Level 8.0 Fighting
 + Level 5.2(8.4) Axes
 + Level 8.5(9.0) Maces & Flails
 + Level 4.5 Armour
 + Level 4.1 Dodging
 + Level 2.5 Stealth
 + Level 3.1 Shields


You had 8 spell levels left.
You didn't know any spells.
Your spell library was empty.

Dungeon Overview and Level Annotations

Branches:
Dungeon (7/15)             Temple (0/1) D:5         Ossuary (visited)

Altars:
Ashenzari
Gozag
Makhleb
Nemelex Xobeh
Wu Jian
Yredelemnul


Message History

Your +0 chain mail melds into your body.
Your roots penetrate the ground.
* * * LOW HITPOINT WARNING * * *
You feel very sick. The gnoll hits you but does no damage.
The kobold hits you but does no damage.
It was a potion of curing.
You feel better. The gnoll hits you but does no damage.
The kobold hits you but does no damage.
You barely miss the kobold.
The kobold is moderately wounded.
The gnoll hits you but does no damage. You block the kobold's attack.
You whack the kobold!
You kill the kobold!
Trog accepts your kill. The gnoll hits you but does no damage.
You cannot move.
Okay, then.
There are monsters nearby!
The gnoll hits you but does no damage.
You are poisoned.
You barely miss the gnoll.
You feel sick. The gnoll hits you but does no damage.
You barely miss the gnoll.
You feel sick.
The gnoll hits you from afar with a +0 spear of venom.
* * * LOW HITPOINT WARNING * * *
The gnoll hits you with a +0 flail.
* * * LOW HITPOINT WARNING * * *
You hit the gnoll.
The gnoll is heavily wounded.
You feel sick. The gnoll hits you but does no damage.
You hit the gnoll.
The gnoll is almost dead.
You feel sick. The gnoll hits you but does no damage.
You hit the gnoll.
You kill the gnoll!
Trog accepts your kill.
You can now call in reinforcements.
You feel sick. The gnoll hits you but does no damage.
You feel sick.
The gnoll hits you from afar with a +0 spear of venom.
* * * LOW HITPOINT WARNING * * *
You die...

.. .....
#.##...###
........#
#.......
#.##>.....
.......#
#...g# #$#
#♣# #.#
#.## #..#
##<# #..#
#..# ####
##>##


You could see a gnoll.

Vanquished Creatures
  Sigmund (D:3)
  A steam dragon (D:6)
  A water moccasin (D:5)
  A black bear (D:5)
  An ogre (D:6)
  A phantom (D:6)
  3 kobold brigands
  A gnoll sergeant (D:7)
  2 scorpions
  2 centaur zombies (D:5)
  3 bombardier beetles
  4 bullfrog zombies
  2 jellies (D:5)
  4 hounds
  A gnoll bouda (D:5)
  3 orc priests
  3 iguanas
  A sleepcap (D:5)
  A scorpion zombie (D:5)
  2 orc wizards
  A killer bee zombie (Ossuary)
  3 crocodile zombies (Ossuary)
  6 hound zombies
  11 mummies (Ossuary)
  3 howler monkey zombies
  7 gnolls
  5 adders
  A white imp (D:5)
  8 ufetubi
  3 dart slugs
  3 ribbon worms (D:3)
  11 orcs
  3 bats
  7 endoplasms
  8 giant cockroaches
  7 goblins
  8 hobgoblins
  4 quokkas
  5 ball pythons
  4 ball python zombies (Ossuary)
  3 frilled lizards
  16 kobolds
  6 rats
171 creatures vanquished.

Notes
Turn   | Place    | Note
-------+----------+-------------------------------------------
     0 | D:1      | Logoto the Hill Orc Berserker began the quest for the Orb.
     0 | D:1      | Reached XP level 1. HP: 19/19 MP: 1/1
   142 | D:1      | Reached XP level 2. HP: 17/27 MP: 2/2
   593 | D:2      | Reached XP level 3. HP: 28/33 MP: 3/3
   660 | D:2      | Reached ** piety under Trog
  1282 | D:3      | Noticed Sigmund
  1302 | D:3      | Killed Sigmund
  1303 | D:3      | Reached skill level 5 in Fighting
  1303 | D:3      | Reached skill level 5 in Axes
  1303 | D:3      | Reached skill level 1 in Stealth
  1303 | D:3      | Reached XP level 4. HP: 14/42 MP: 4/4
  1303 | D:3      | Reached XP level 5. HP: 16/48 MP: 5/5
  1610 | D:3      | Reached XP level 6. HP: 56/56 MP: 6/6
  1686 | D:3      | Reached skill level 1 in Shields
  2015 | D:3      | You fall into a shaft and drop 2 floors!
  2015 | D:5      | Entered Level 5 of the Dungeon
  2026 | D:5      | Noticed a black bear
  2040 | D:5      | Killed a black bear
  2041 | D:5      | Reached XP level 7. HP: 61/61 MP: 7/7
  2140 | D:4      | Found an ornate altar of the Wu Jian Council.
  2358 | D:4      | Found a sand-covered staircase.
  2366 | Ossuary  | Entered an ossuary
  2537 | Ossuary  | Reached skill level 5 in Maces & Flails
  2709 | Ossuary  | Reached XP level 8. HP: 70/70 MP: 8/8
  2824 | Ossuary  | Reached *** piety under Trog
  3212 | D:4      | Found a burning altar of Makhleb.
  3883 | D:4      | Found an opulent altar of Gozag.
  3883 | D:4      | Found a sparkling altar of Nemelex Xobeh.
  4358 | D:5      | Found a basalt altar of Yredelemnul.
  4548 | D:5      | Found a staircase to the Ecumenical Temple.
  4779 | D:5      | Reached XP level 9. HP: 74/79 MP: 9/9
  6302 | D:7      | Found a broken altar of Ashenzari.
  6384 | D:7      | Reached **** piety under Trog
  6384 | D:7      | HP: 6/121 [poisoned by a gnoll]
  6385 | D:7      | HP: 1/121 [gnoll/+0 spear of venom[a gnoll sergeant] (5)]
  6386 | D:7      | Succumbed to a gnoll's poison

Illustrated notes

Levels and vault maps discovered:
D:1:      evilmike_arrival_fibonacci_small, layout_basic
D:2:      layout_basic, st_stairs_10, serial_park_tiny_1
D:3:      layout_basic, uniq_sigmund
D:4:      layout_loops_corners, grunt_temple_overflow_opulence,
          old_standard_altar, kennysheep_mini_moat, nicolae_ossuary_entry_plus,
          nrook_uturn, kennysheep_cluttered_room
D:5:      layout_basic, nicolae_yredelemnul_corpse_copse,
          minmay_temple_entry_mist, interstate_on_off, minmay_diced_spiral
D:6:      layout_cave_pools, columned_hall_lemuel
D:7:      layout_loops_ring, nicolae_overflow_hidden_temple

Skill      XL: |  1  2  3  4  5  6  7  8  9 |
---------------+----------------------------+-----
Fighting       | 4 5 6 7 8 |  8.0
Axes           | 5 |  5.2
Maces & Flails | 2 3 4 5 7 8 |  8.5
Dodging        | 2 3 4 |  4.1
Stealth        | 1 2 |  2.5
Shields        | 1 2 3 |  3.1
Armour         | 4 |  4.5

Action                     |  1- 3 |  4- 6 |  7- 9 || total
---------------------------+-------+-------+-------++-------
  Melee: Hand axe          |    20 |       |       ||    20
         Whip              |    52 |    47 |   400 ||   499
 Invoke: Berserk           |     1 |     4 |    12 ||    17
    Use: Potion            |       |       |     3 ||     3
   Stab: Sleeping          |     2 |       |       ||     2
         Distracted        |       |       |     1 ||     1
 Armour: Animal skin       |    39 |    23 |    57 ||   119
         Chain mail        |       |       |   144 ||   144
         Leather armour    |       |       |    14 ||    14
         Skin              |       |       |    14 ||    14
  Dodge: Dodged            |    32 |    26 |   158 ||   216
  Block: Buckler           |     7 |     6 |    60 ||    73
